 Dungeon Crawl Stone Soup version 0.28-a0-241-gfbb0926a3a (webtiles) character file.

Game seed: 2226037654787880816

23 Malachi the Insei (level 3, 23/23 HPs)
             Began as an Octopode Transmuter on Aug 24, 2021.
             Was a Follower of the Shining One.
             Got out of the dungeon alive.
             The game lasted 00:00:58 (894 turns).

Malachi the Insei (Octopode Transmuter)              Turns: 894, Time: 00:00:59

Health: 23/23      AC:  1    Str:  9    XL:     3   Next: 0%
Magic:  6/6        EV: 13    Int: 16    God:    the Shining One [*.....]
Gold:   43         SH:  0    Dex: 12    Spells: 5/6 levels left

rFire   . . .      SeeInvis .     - Unarmed
rCold   . . .      Faith    .   (no shield)
rNeg    . . .      Spirit   .   (helmet restricted)
rPois   .          Reflect  .   (no amulet)
rElec   .          Harm     .   (no ring)
rCorr   .          Rampage  .   (no ring)
Will    .....                   (no ring)
Stlth   +.........              (no ring)
HPRegen 0.07/turn               (no ring)
MPRegen 0.10/turn               (no ring)
                                (no ring)
                                (no ring)

@: glowing
A: almost no armour, amphibious, 8 rings, camouflage 1, gelatinous body 1,
(nimble swimmer 1), tentacles
a: Renounce Religion


You escaped.
You worshipped the Shining One.
The Shining One was aware of your devotion.
You visited 1 branch of the dungeon, and saw 1 of its levels.

You collected 43 gold pieces.

Inventory:

Scrolls
 c - 2 scrolls of identify {unknown}
Potions
 a - a potion of might {unknown}
 b - a potion of flight {unknown}
 d - a potion of curing {unknown}
 e - a potion of berserk rage {unknown}


   Skills:
 + Level 1.0 Fighting
 + Level 2.1 Dodging
 + Level 3.5 Unarmed Combat
 + Level 2.4 Spellcasting
 * Level 2.2 Transmutations


You had 5 spell levels left.
You knew the following spells:

 Your Spells              Type           Power      Damage    Failure   Level
a - Beastly Appendage     Tmut           16%        N/A       9%          1

Your spell library contained the following spells:

 Spells                   Type           Power      Damage    Failure   Level
 Wereblood                Tmut           8%         N/A       12%         2
 Spider Form              Tmut/Pois      2%         N/A       36%         3
 Ice Form                 Ice/Tmut       5%         N/A       77%         4


Dungeon Overview and Level Annotations

Branches:
Dungeon (1/15)

Altars:
The Shining One


Innate Abilities, Weirdness & Mutations

You cannot wear most types of armour.
You are amphibious.
You can wear up to eight rings at the same time.
Your skin changes colour to match your surroundings (Stealth+).
Your rubbery body absorbs attacks. (AC +1, EV +1)
((You are camouflaged near water. (Stealth+)))
You have tentacles for arms and can constrict up to eight enemies at once.


Message History

You tentacle-slap the goblin.
You kill the goblin!
You see here a +0 club.
Your tentacle spike disappears.
You open the door.
There is an open door here.
There is a dry fountain here.
There is an empty arch of ancient stone here.
There is a faded altar of an unknown god here.
You cannot tell which god this altar belongs to.
Convert to them anyway?
The Shining One accepts your prayer! The Shining One welcomes you!
You and your allies can now gain power from killing the unholy and evil.
Unknown command.
Press < or > to pray at altars.
Unknown command.
Press < or > to pray at altars.
Found a leather armour.
You see here a +0 leather armour.
As you open the door, it creaks loudly!
There is an open door here.
There is an open door here.
A goblin comes into view. It is wielding a +1 dagger of speed.
The goblin shouts!
A goblin is nearby!
A goblin is nearby!
A goblin is nearby!
The goblin hits you with a +1 dagger of speed.
The goblin barely misses you.
You tentacle-slap the goblin.
You kill the goblin!
You have reached level 3!
Your experience leads to an increase in your attributes!
Increase (S)trength, (I)ntelligence, or (D)exterity?
You feel clever.
There is an open door here.
There is an open door here.
There is a staircase leading out of the dungeon here.
Are you sure you want to leave the Dungeon?
This will make you lose the game!
You have escaped!

#.#.#..........##....#
#.#.####'####+###....#
####.#.####.#.....##....###
#....#....................♣
♣♣
##.##################'##.♣♣
.♣♣ #.# #.##.♣ .PP♣ #.#
##### #.#♣♣♣P..♣ #.# #...#
#)♣♣PP..♣ #.# #.@.#
#.♣PP.♣P♣ #.# #...#
#...♣P..♣♣♣ #.# #...#
##♣♣..♣.P.♣ #†#
##########'### #.♣♣♣♣P.♣♣
#.# #.....#......##
#.....♣♣.♣ #.#
#.###.#.......###....>...#
#.# #.#
#.#.#.###.##........## #.#
#.###.#.#..#..##........###
#.#
#.#.#.#.#..#.###...........


There were no monsters in sight!

Vanquished Creatures
  2 endoplasms (D:1)
  7 goblins (D:1)
  2 hobgoblins (D:1)
  A kobold (D:1)
  2 ball pythons (D:1)
  2 bats (D:1)
  2 frilled lizards (D:1)
  3 rats (D:1)
21 creatures vanquished.

Notes
Turn   | Place    | Note
-------+----------+-------------------------------------------
     0 | D:1      | Malachi the Octopode Transmuter began the quest for the
                  | Orb.
     0 | D:1      | Reached XP level 1. HP: 13/13 MP: 3/3
   280 | D:1      | Reached XP level 2. HP: 16/18 MP: 3/5
   605 | D:1      | Found a faded altar of an unknown god.
   681 | D:1      | Became a worshipper of the Shining One
   681 | D:1      | Reached * piety under the Shining One
   810 | D:1      | Reached XP level 3. HP: 21/23 MP: 6/6
   894 | D:$      | Got out of the dungeon alive.

Illustrated notes

Levels and vault maps discovered:
D:1:      dpeg_arrival_erosion, layout_basic, serial_forest,
          infiniplex_forest_lined_room_2, infiniplex_forest_end_2,
          infiniplex_forest_lined_2, infiniplex_forest_clump_curved,
          infiniplex_forest_clump_C, infiniplex_forest_end_3,
          infiniplex_forest_join, shapermc_ecumenical_altar_venn

Action                   || total
-------------------------++-------
Melee: Unarmed           ||    43
       Constrict         ||     9
       Tentacles         ||     5
       Kick              ||     4
       Punch             ||     1
 Cast: Beastly Appendage ||    12
 Stab: Sleeping          ||     3
Armor: Skin              ||     1
Dodge: Dodged            ||    27

Table legend: (Time is in decaauts)
 A = Elapsed time spent in this place.
 B = Non-inter-level travel time spent in this place.
 C = Inter-level travel time spent in this place.
 D = Time resting spent in this place.
 E = Time spent auto-exploring this place.
 F = Levels seen in this place.
 G = Mean time per level.
                   A        B        C        D        E       F      G
               +--------+--------+--------+--------+--------+-----+--------+
         Total |    891 |    808 |     83 |      0 |    653 |   1 |  891.0 |
       Dungeon |    891 |    808 |     83 |      0 |    653 |   1 |  891.0 |
               +--------+--------+--------+--------+--------+-----+--------+

Top non-repeatable levels by time:
     D:1: 891 daAuts
